 Dungeon Crawl Stone Soup version 0.31.0-11-ge490571c62 (webtiles) character file.

Game seed: 12416121985821487465

14387 SPORTSBETTING the Fighter (level 11, -4/105 HPs)
             Began as a Minotaur Berserker on Jan 28, 2024.
             Was a High Priest of Trog.
             Slain by a tengu warrior
             ... wielding a +1 great sword of freezing
              (10 damage)
             ... on level 11 of the Dungeon.
             The game lasted 00:14:41 (10420 turns).

SPORTSBETTING the Fighter (Minotaur Berserker)     Turns: 10420, Time: 00:14:42

Health: -4/105     AC: 23    Str: 25    XL:     11   Next: 88%
Magic:  10/10      EV: 12    Int:  7    God:    Trog [*****.]
Gold:   580        SH:  0    Dex: 11    Spells: 10/10 levels left

rFire   x . .        a - +2 broad axe (elec)
rCold   + + +        (no shield)
rNeg    . . .        l - +8 ice dragon scales of Grot {rF- rC++ Int+3 Stlth-}
rPois   .            (helmet restricted)
rElec   .            x - +0 cloak
rCorr   .            (no gloves)
SInv    .            (no boots)
Will    ++...        (no amulet) Stlth
                     g - +4 ring of protection
HPRegen 1.37/turn    t - ring of protection from cold
MPRegen 0.12/turn

%: no passive effects
@: strong-willed, corroded, on berserk cooldown, regenerating, slowed, very slow
A: horns 2, retaliatory headbutt
a: Renounce Religion, Berserk, Trog's Hand, Brothers in Arms


You were on level 11 of the Dungeon.
You worshipped Trog.
Trog was extremely pleased with you.
You visited 1 branch of the dungeon, and saw 11 of its levels.
You also visited: Ossuary and Bailey.

You collected 580 gold pieces.

Inventory:

Hand Weapons
 a - a +2 broad axe of electrocution (weapon)
Armour
 l - the +8 ice dragon scales of Grot (worn) {rF- rC++ Int+3 Stlth-}
   (You took it off a spriggan in a bailey)

   Int+3:     It affects your intelligence (+3).
   rF-:       It makes you vulnerable to fire.
   rC++:      It greatly protects you from cold.
   Stlth-:    It makes you less stealthy.
 x - a +0 cloak (worn)
 E - a +1 plate armour of poison resistance
Jewellery
 g - a +4 ring of protection (left hand)
 t - a ring of protection from cold (right hand)
 F - a ring of flight
 N - an amulet of faith
Wands
 d - a wand of quicksilver (11)
 n - a wand of charming (15)
 q - a wand of flame (34)
 r - a wand of digging (10)
 s - a wand of roots (15)
 v - a wand of polymorph (16)
Scrolls
 e - a scroll of vulnerability
 j - 2 scrolls of poison
 k - 8 scrolls of fog
 o - 7 scrolls of fear
 p - 3 scrolls of immolation
 y - a scroll of noise {unknown}
 B - 2 scrolls of enchant weapon
 C - a scroll of revelation
 D - a scroll of torment {unknown}
 J - a scroll of enchant armour {unknown}
 K - 2 scrolls of teleportation
Potions
 b - a potion of cancellation
 c - 11 potions of curing
 f - a potion of lignification
 h - a potion of enlightenment
 i - 7 potions of invisibility
 m - a potion of degeneration
 u - 3 potions of berserk rage
 w - 2 potions of brilliance {unknown}
 z - 4 potions of haste {unknown}
 A - 4 potions of heal wounds
 G - a potion of ambrosia {unknown}
 H - a potion of might {unknown}
 I - 2 potions of mutation {unknown}
 M - a potion of magic {unknown}
Miscellaneous
 L - a sack of spiders


   Skills:
 * Level 12.4 Fighting
 * Level 12.4 Axes
 * Level 11.6 Armour
 + Level 7.8 Dodging
 + Level 5.8 Evocations


You had 10 spell levels left.
You didn't know any spells.
Your spell library was empty.

Dungeon Overview and Level Annotations

Branches:
Dungeon (11/15)            Temple (0/1) D:4         Ossuary (visited)
 Bailey (visited)
   Lair: D:8-11         Orc: D:9-12

Altars:
Cheibriados
Dithmenos
Hepliaklqana
Kikubaaqudgha
Nemelex Xobeh
Okawaru
Ru
Sif Muna
Trog
Uskayaw
Vehumet
Wu Jian
Yredelemnul
The Shining One


Innate Abilities, Weirdness & Mutations

You have a pair of horns on your head.
You reflexively headbutt those who attack you in melee.


Message History

Unknown command.
You are no longer berserk.
You are exhausted.
You feel yourself slow down. The acid dragon barely misses you.
The acid dragon claws you but does no damage.
The acid dragon closely misses you. You furiously retaliate!
You headbutt the acid dragon! The acid dragon misses you.
Unknown command.
You slash the acid dragon!
You kill the acid dragon!
Trog accepts your kill.
The acid dragon scales are intact enough to wear.
You closely miss something. You slash the acid dragon!
Lightning courses through the acid dragon!
You kill the acid dragon!
Trog accepts your kill.
Trog will now gift you melee weapons as you gain piety.
You closely miss the tengu warrior.
The vampire mosquito bites you but does no damage.
The tengu warrior hits you with a +1 great sword of freezing!
The tengu warrior closely misses you. x2; Something hits you!
* * * LOW HITPOINT WARNING * * *
You slice the wraith!!
The wraith is severely damaged.
You miss the vampire mosquito. You hit the tengu warrior. You miss something.
The vampire mosquito closely misses you.
You furiously retaliate!
You headbutt the vampire mosquito! The vampire mosquito barely misses you.
The tengu warrior hits you with a +1 great sword of freezing!
* * * LOW HITPOINT WARNING * * *
The tengu warrior freezes you.
* * * LOW HITPOINT WARNING * * *
The tengu warrior pecks you but does no damage.
The tengu warrior claws you but does no damage.
The wraith hits you but does no damage.
The vampire mosquito closely misses you.
You furiously retaliate!
You headbutt the vampire mosquito. Something hits you!
* * * LOW HITPOINT WARNING * * *
The tengu warrior hits you with a +1 great sword of freezing!
You die...

### .# ##... ..### .
.#..# ##...##.##...#
. #...#.##.#...#
#.### #.#..#..#...#
##...# #..)#.†#...#
#..#..###.#.##....#
#...#y#{##.##.:..###
#)Q@##.###......###
#..#W#.. #...##...##
#/#...##.
#...#....<#
#...#.#.##
#..........
#..#..###.
#[......)†. ##...#
.. ..#.......). .###
.#..#......)). .#
.## #.........
#.........


You could see a tengu warrior, a wraith and a vampire mosquito.

Vanquished Creatures
  A rakshasa (D:11)
  4 two-headed ogres
  Maurice (D:8)
  A manticore (D:11)
  An elephant (D:11)
  A yaktaur (D:11)
  A hornet (D:9)
  A troll (D:10)
  Grinder (D:6)
  Sigmund (D:3)
  A shadow (D:9)
  14 yaks
  7 spriggans (Bailey)
  A wraith (D:11)
  3 wyverns
  A vampire (D:11)
  A steam dragon (D:8)
  Edmund (D:4)
  A water moccasin (D:6)
  Menkaure (D:4)
  4 acid dragons
  Duvessa (D:6)
  3 orc warriors
  A sky beast (D:6)
  2 black bears (D:11)
  4 ice beasts
  8 ogres
  A centaur (D:11)
  A phantom (D:6)
  A kobold brigand (D:7)
  5 bullfrogs
  5 scorpions
  6 jellies
  Dowan (D:6)
  3 killer bees (D:9)
  An oklob sapling (D:4)
  2 bombardier beetles
  A howler monkey (D:10)
  5 hounds
  5 bullfrog zombies (Ossuary)
  4 orc priests
  8 mummies (Ossuary)
  A gnoll bouda (D:8)
  A sleepcap (D:5)
  Ijyb (D:3)
  4 iguanas
  6 orc wizards
  2 killer bee zombies (Ossuary)
  2 crocodile zombies (Ossuary)
  2 hound zombies (Ossuary)
  Robin (D:4)
  A howler monkey zombie (Ossuary)
  8 gnolls
  4 adders
  2 white imps
  2 ufetubi (D:6)
  2 dart slugs
  44 orcs
  5 ball pythons
  4 bats
  11 endoplasms
  6 giant cockroaches
  13 goblins
  8 hobgoblins
  3 quokkas
  2 ball python zombies (Ossuary)
  A frilled lizard (D:1)
  10 kobolds
  5 rats
267 creatures vanquished.

Notes
Turn   | Place    | Note
-------+----------+-------------------------------------------
     0 | D:1      | SPORTSBETTING the Minotaur Berserker began the quest for
                  | the Orb.
     0 | D:1      | Reached XP level 1. HP: 19/19 MP: 0/0
   205 | D:1      | Reached XP level 2. HP: 26/27 MP: 1/1
   385 | D:1      | Found a faded altar of an unknown god.
   609 | D:1      | Reached ** piety under Trog
   888 | D:1      | Reached XP level 3. HP: 34/34 MP: 2/2
  1335 | D:2      | Identified the +5 hand axe of Subjectivity {flame, rElec
                  | Int+2 Dex+3}
  1550 | D:3      | Reached skill level 5 in Axes
  1550 | D:3      | Reached XP level 4. HP: 41/41 MP: 3/3
  1552 | D:3      | Reached skill level 5 in Fighting
  1675 | D:3      | Noticed Ijyb
  1680 | D:3      | Killed Ijyb
  1783 | D:3      | Reached XP level 5. HP: 48/48 MP: 4/4
  1940 | D:3      | Found an ancient bone altar of Kikubaaqudgha.
  2032 | D:3      | Noticed Sigmund
  2038 | D:3      | Killed Sigmund
  2039 | D:3      | Reached skill level 1 in Evocations
  2039 | D:3      | Reached XP level 6. HP: 47/57 MP: 5/5
  2313 | D:3      | Found a shadowy altar of Dithmenos.
  2371 | D:3      | Found a basalt altar of Yredelemnul.
  2375 | D:3      | Found a hide-covered altar of Uskayaw.
  2466 | D:4      | Reached *** piety under Trog
  2731 | D:4      | Noticed Edmund
  2734 | D:4      | Noticed Robin
  2741 | D:4      | Killed Edmund
  2742 | D:4      | Reached XP level 7. HP: 64/64 MP: 6/6
  2745 | D:4      | Killed Robin
  2807 | D:4      | Found a staircase to the Ecumenical Temple.
  2929 | D:4      | Found a sparkling altar of Nemelex Xobeh.
  2938 | D:4      | Noticed Menkaure
  2941 | D:4      | Killed Menkaure
  3004 | D:4      | Reached skill level 5 in Armour
  3068 | D:4      | Found a sacrificial altar of Ru.
  3070 | D:4      | Found an iron altar of Okawaru.
  3382 | D:4      | Reached XP level 8. HP: 67/73 MP: 7/7
  3795 | D:4      | Found a glowing golden altar of the Shining One.
  4156 | D:5      | Entered Level 5 of the Dungeon
  5100 | D:6      | Noticed Grinder
  5104 | D:6      | Killed Grinder
  5174 | D:6      | Noticed Dowan
  5194 | D:6      | Killed Dowan
  5369 | D:6      | Reached **** piety under Trog
  5370 | D:6      | Reached XP level 9. HP: 64/82 MP: 8/8
  5501 | D:6      | Found a shimmering blue altar of Sif Muna.
  5513 | D:6      | Found a bloodstained altar of Trog.
  5619 | D:6      | Reached skill level 5 in Dodging
  5800 | D:6      | You fall into a shaft and drop 1 floor!
  5802 | D:7      | Identified a scroll of acquirement
  5802 | D:7      | Acquired a +1 broad axe of electrocution
  5825 | D:7      | Found a sand-covered staircase.
  5830 | Ossuary  | Entered an ossuary
  6349 | D:7      | Found a radiant altar of Vehumet.
  6387 | D:6      | Noticed Duvessa
  6400 | D:6      | Killed Duvessa
  7013 | D:7      | Noticed a two-headed ogre
  7019 | D:7      | Killed a two-headed ogre
  7020 | D:7      | Reached XP level 10. HP: 93/93 MP: 9/9
  7598 | D:8      | Noticed a two-headed ogre
  7606 | D:8      | Killed a two-headed ogre
  7607 | D:8      | Reached skill level 10 in Fighting
  7607 | D:8      | Reached skill level 10 in Axes
  7655 | D:8      | Found a flagged portal.
  7676 | Bailey   | Entered a bailey
  8039 | Bailey   | Identified the +8 ice dragon scales of Grot {rF- rC++ Int+3
                  | Stlth-}
  8213 | Bailey   | Noticed a two-headed ogre
  8224 | Bailey   | Killed a two-headed ogre
  8225 | Bailey   | Reached skill level 10 in Armour
  8739 | D:8      | Found a hazy altar of Hepliaklqana.
  8791 | D:8      | Reached skill level 5 in Evocations
  8791 | D:8      | Reached XP level 11. HP: 102/102 MP: 10/10
  8824 | D:8      | Noticed a two-headed ogre
  8831 | D:8      | Killed a two-headed ogre
  8850 | D:8      | Found a snail-covered altar of Cheibriados.
  8890 | D:8      | Noticed Maurice
  8901 | D:8      | Something stole a ring of flight
  8904 | D:8      | Killed Maurice
  9211 | D:9      | Found an ornate altar of the Wu Jian Council.
  9669 | D:10     | Entered Level 10 of the Dungeon
 10307 | D:11     | Reached ***** piety under Trog
 10399 | D:11     | Noticed an ogre mage
 10404 | D:11     | Noticed a tengu warrior
 10404 | D:11     | Noticed a rakshasa
 10415 | D:11     | Killed a rakshasa
 10420 | D:11     | Slain by a tengu warrior

Illustrated notes

Levels and vault maps discovered:
D:1:      shiori_arrival_whats_in_store_for_you, layout_basic,
          hellmonk_ecumenical_altar_crossroads, minmay_tetromino_t4
D:2:      layout_basic, st_stairs_4
D:3:      layout_loops_ring, minmay_overflow_temple_star_quad,
          overflow_temple_1_default, minmay_door_square, glass_columns_c,
          uniq_sigmund, uniq_ijyb
D:4:      layout_gridville, tso_altar, grunt_temple_overflow_open,
          minmay_temple_entry_oklob, uniq_edmund, uniq_menkaure, uniq_robin
D:5:      layout_loops_ring, chequers_serial_rivers_micro_a
D:6:      layout_basic, nzn_overflow_gifts_of_might_and_magic, uniq_grinder,
          uniq_duvessa
D:7:      layout_layer_cave, vehumet_crystals, nicolae_ossuary_entry_plus
D:8:      layout_rooms, lemuel_round_altar, nicolae_overflow_crystal_walls,
          enter_bailey_2, uniq_maurice
D:9:      layout_basic, nzn_wu_jian_contemplation
D:10:     layout_basic
D:11:     minmay_ornate_pinched, layout_loops_ring,
          grunt_lair_entry_orc_guard_hut

Skill      XL: |  1  2  3  4  5  6  7  8  9 10 11 |
---------------+----------------------------------+-----
Fighting       | 4 5 6 7 8 9 11 12 | 12.4
Axes           | 4 5 6 7 8 9 11 12 | 12.4
Armour         | 3 4 5 6 8 10 11 | 11.6
Evocations     | 1 2 3 4 5 |  5.8
Dodging        | 3 4 5 6 7 |  7.8

Action                     |  1- 3 |  4- 6 |  7- 9 | 10-12 || total
---------------------------+-------+-------+-------+-------++-------
  Melee: Hand axe          |    76 |    66 |   258 |    23 ||   423
         Headbutt          |     7 |     5 |    53 |    35 ||   100
         Punch             |       |     1 |     4 |     4 ||     9
         Broad axe         |       |       |       |   191 ||   191
 Invoke: Berserk           |       |     2 |     4 |     5 ||    11
         Trog's Hand       |       |     1 |     1 |     4 ||     6
  Evoke: Wand              |       |       |     2 |     2 ||     4
    Use: Scroll            |       |       |    12 |     6 ||    18
 Armour: Animal skin       |    24 |       |       |       ||    24
         Leather armour    |     3 |       |       |       ||     3
         Ring mail         |     3 |       |       |       ||     3
         Chain mail        |     2 |    51 |    75 |       ||   128
         Plate armour      |       |       |    88 |    60 ||   148
         Ice dragon scales |       |       |       |   172 ||   172
  Dodge: Dodged            |    40 |    28 |    82 |   138 ||   288
